Map: Fields of Death

Players

Purplesmurf - Winner!

  • Race: Zerg Zerg
  • League: Platinum
  • Spawn Location: 12:00

SimAsS - Winner!

  • Race: Terran Terran
  • Spawn Location: 12:00

Loken

  • Race: Protoss Protoss
  • League: Platinum
  • Spawn Location: 6:00

dallaskuken

  • Race: Protoss Protoss
  • League: Platinum
  • Spawn Location: 7:00

VOD

Have the link to the VOD?

Description

Time

  • Played on: April 6, 2017, 7:04 a.m.
  • Length: 10:30
Show
View Real Time Build Order
Export as new Build Order

Purplesmurf Zerg - Winner!

Build Orders: Hatch First 

Get SALT Encoding   

  12  0:01  Drone  
  13  0:15  Drone  
  13  0:17  Overlord  
  14  0:23  Extractor  
  14  0:24  Drone  
  15  0:44  Drone  
  15  0:45  Drone  
  17  0:57  Hatchery  
  17  1:01  Drone  
  17  1:07  Drone  
  17  1:09  Extractor  
  17  1:21  Spawning Pool  
  17  1:25  Drone  
  17  1:26  Drone  
  18  1:34  Drone  
  19  1:47  Overlord  
  19  2:09  Queen, Drone x2  
  19  2:10  Queen  
  19  2:12  Drone  
  26  2:16  Drone  
  26  2:22  Drone  
  28  2:37  Drone  
  28  2:42  Hatchery, Overlord  
  28  2:49  Queen  
  30  2:54  Drone  
  30  2:55  Drone  
  32  3:01  Drone x2  
  32  3:05  Metabolic Boost  
  34  3:15  Drone x2, Baneling Nest  
  35  3:23  Drone x2  
  35  3:24  Drone  
  38  3:34  Overlord x2  
  38  3:36  Zergling x2  
  38  3:37  Zergling x2  
  40  3:42  Zergling x6  
  40  3:46  Overlord  
  43  3:53  Zergling x6  
  46  4:00  Zergling x4  
  46  4:01  Zergling x6  
  51  4:10  Roach Warren  
  51  4:12  Zergling x4  
  51  4:13  Zergling x2  
  53  4:17  Drone  
  54  4:36  Drone x3  
  54  4:37  Drone x4  
  58  4:46  Evolution Chamber  
  58  4:47  Evolution Chamber  
  58  4:51  Zergling x2  
  58  4:52  Zergling x8  
  53  4:53  Spine Crawler  
  53  4:54  Spine Crawler  
  49  5:00  Zergling x4  
  49  5:01  Zergling x4  
  53  5:14  Hatchery  
  53  5:15  Zergling x2  
  53  5:16  Zergling x2  
  53  5:18  Zerg Melee Weapons Level 1  
  53  5:24  Lair  
  53  5:35  Zergling x8  
  54  5:41  Zergling x6  
  54  5:42  Zergling x2  
  58  5:44  Overlord x2  
  58  5:51  Extractor  
  58  5:53  Drone x2  
  58  5:54  Extractor x2  
  57  6:02  Drone x2  
  59  6:05  Queen  
  61  6:15  Drone  
  61  6:16  Drone  
  63  6:28  Infestation Pit, Drone  
  63  6:29  Drone x6  
  69  6:41  Queen  
  71  6:48  Centrifical Hooks  
  71  6:54  Zerg Ground Armor Level 1  
  71  6:59  Hatchery  
  70  7:02  Drone x2  
  70  7:03  Drone x3  
  75  7:12  Zerg Melee Weapons Level 2  
  75  7:16  Overlord x2  
  75  7:23  Drone  
  75  7:24  Drone x4  
  72  7:35  Zergling x2  
  72  7:36  Zergling x12  
  77  7:51  Zergling x2  
  77  7:52  Zergling x16  
  82  8:15  Zergling x14  
  82  8:16  Zergling x4  
  91  8:23  Spine Crawler  
  91  8:24  Spine Crawler, Zergling x2  
  91  8:25  Zergling x2  
  87  8:35  Hive  
  87  8:36  Pathogen Glands  
  87  8:38  Overlord x2  
  86  8:53  Zergling x18  
  86  8:54  Zergling x2  
  92  9:12  Zergling x2  
  92  9:13  Zergling x22  
  101  9:21  Drone  
  101  9:23  Queen  
  103  9:30  Extractor  
  103  9:31  Extractor  
  96  9:37  Baneling x5  
  96  9:38  Baneling x6  
  87  10:05  Hatchery  
  92  10:30  Ultralisk Cavern  
Show
View Real Time Build Order
Export as new Build Order

SimAsS Terran - Winner!

Build Orders: Reaper Expand, MMM Bio 

Get SALT Encoding   

  12  0:00  SCV  
  13  0:13  SCV  
  14  0:19  Supply Depot  
  14  0:25  SCV  
  15  0:29  Refinery  
  15  0:40  SCV  
  16  0:47  Barracks  
  16  0:53  SCV  
  17  1:05  SCV  
  18  1:17  SCV  
  19  1:33  Orbital Command  
  19  1:34  Reaper  
  20  1:45  Command Center  
  20  1:59  SCV  
  21  2:07  Barracks Reactor  
  21  2:15  SCV, Refinery  
  22  2:16  Barracks  
  22  2:17  Barracks  
  22  2:27  SCV  
  23  2:32  Supply Depot  
  23  2:54  Marine x2, Engineering Bay  
  23  2:56  Engineering Bay  
  23  2:57  Orbital Command  
  25  3:00  SCV  
  26  3:08  Barracks Tech Lab x2  
  26  3:13  Marine  
  26  3:15  Marine  
  28  3:25  SCV  
  28  3:26  SCV  
  30  3:29  Concussive Shells  
  30  3:33  Stimpack  
  30  3:38  Marauder  
  32  3:42  Marauder  
  34  3:51  Bunker  
  34  3:55  SCV x2  
  36  3:57  Marine x2  
  38  4:03  Supply Depot  
  38  4:04  Terran Infantry Weapons Level 1  
  38  4:07  Terran Infantry Armor Level 1  
  38  4:11  SCV  
  39  4:20  Factory  
  39  4:30  SCV  
  39  4:31  SCV  
  41  4:35  Marauder x2, Marine  
  41  4:37  Marine  
  47  4:47  Combat Shields  
  47  4:50  SCV x2  
  47  4:51  Supply Depot  
  49  5:01  Marauder, Marine  
  49  5:02  Marauder  
  49  5:06  Starport  
  54  5:08  Factory Reactor  
  54  5:13  SCV x2  
  56  5:22  Supply Depot  
  56  5:25  SCV x2  
  57  5:37  Marine  
  57  5:38  Marauder x2  
  62  5:44  Marine  
  62  5:45  SCV x2, Barracks  
  65  5:53  Medivac  
  65  5:54  Armory  
  68  5:57  SCV x2  
  68  5:59  Supply Depot  
  68  6:02  Refinery, Supply Depot  
  69  6:07  Refinery  
  69  6:09  SCV  
  70  6:16  Supply Depot  
  70  6:18  Supply Depot  
  70  6:20  Marine, Medivac  
  73  6:26  Medivac  
  73  6:28  SCV x2  
  77  6:35  Barracks  
  77  6:38  Marauder  
  77  6:39  Marauder  
  81  6:47  Marine x2  
  81  6:48  Marine  
  81  6:52  Terran Infantry Weapons Level 2  
  84  6:59  Marine  
  84  7:00  Marine  
  86  7:05  Marine x2  
  86  7:06  Medivac  
  86  7:07  SCV x2  
  92  7:10  Supply Depot  
  92  7:17  Marauder, Factory Tech Lab  
  92  7:19  Command Center  
  92  7:20  Barracks Reactor  
  94  7:24  Barracks Reactor  
  94  7:29  Marauder, Marine  
  97  7:30  Barracks  
  97  7:34  Terran Infantry Armor Level 2  
  97  7:41  Supply Depot  
  97  7:43  Marauder  
  99  7:48  SCV x2  
  99  7:51  Marauder, Medivac  
  103  7:56  Supply Depot  
  105  8:06  Marine x4  
  105  8:07  Marine x3  
  105  8:11  Marine  
  113  8:17  Medivac  
  115  8:24  Marine x2  
  98  8:55  Marauder x2, Marine x3  
  98  8:56  Marine x4  
  98  9:01  Barracks  
  104  9:03  Barracks  
  104  9:04  Missile Turret, Barracks  
  102  9:16  Marauder x2  
  105  9:18  Planetary Fortress  
  105  9:23  SCV x2  
  107  9:25  Medivac  
  107  9:26  Medivac  
  107  9:29  Missile Turret  
  111  9:35  SCV x2  
  111  9:38  Marine x2  
  115  9:47  SCV  
  115  9:48  Missile Turret, Ghost Academy  
  105  10:22  Refinery x2  
  105  10:26  Barracks Tech Lab x4  
Show
View Real Time Build Order
Export as new Build Order

Loken Protoss 

Build Orders:  

Get SALT Encoding   

  12  0:01  Probe (Chrono Boost)  
  13  0:12  Probe (Chrono Boost)  
  14  0:24  Pylon  
  14  0:25  Probe (Chrono Boost)  
  15  0:37  Pylon  
  15  0:42  Probe (Chrono Boost)  
  16  0:52  Probe (Chrono Boost)  
  16  0:56  Gateway  
  17  1:06  Gateway  
  17  1:10  Probe (Chrono Boost)  
  18  1:13  Assimilator  
  18  1:20  Probe (Chrono Boost)  
  19  1:26  Assimilator  
  19  1:31  Probe (Chrono Boost)  
  20  1:49  Cybernetics Core, Probe (Chrono Boost)  
  21  1:57  Gateway  
  21  1:59  Probe (Chrono Boost)  
  22  2:10  Probe (Chrono Boost)  
  23  2:20  Probe (Chrono Boost)  
  24  2:25  Pylon  
  24  2:26  Warp Gate  
  24  2:27  Stalker  
  24  2:28  Stalker  
  28  2:50  Stalker  
  30  2:57  Stalker x2  
  34  3:09  Pylon  
  34  3:20  Stalker  
  36  3:27  Stalker  
  36  3:29  Stalker  
  40  4:02  Pylon  
  40  4:31  Stalker x3  
  44  5:00  Stalker x3  
  46  5:28  Stalker x2  
  46  5:29  Stalker  
  50  5:51  Twilight Council  
  50  6:09  Nexus  
  50  6:10  Sentry x2  
  54  6:15  Pylon  
  54  6:17  Pylon  
  54  6:22  Pylon  
  54  6:32  Dark Shrine  
  54  6:44  Blink  
  54  6:49  Probe (Chrono Boost)  
  55  6:56  Assimilator  
  55  6:59  Stalker, Probe (Chrono Boost)  
  55  7:00  Stalker x2  
  55  7:01  Assimilator  
  62  7:10  Probe (Chrono Boost)  
  63  7:20  Probe (Chrono Boost)  
  64  7:31  Probe (Chrono Boost)  
  64  7:34  Probe (Chrono Boost)  
  66  7:42  Probe (Chrono Boost)  
  67  7:45  Probe (Chrono Boost)  
  67  7:46  Dark Templar x2  
  72  7:52  Probe (Chrono Boost)  
  72  7:55  Probe (Chrono Boost)  
  73  8:06  Probe (Chrono Boost)  
  74  8:13  Zealot  
  74  8:16  Probe (Chrono Boost)  
  72  8:20  Zealot x2  
  71  8:27  Mothership Core (Chrono Boost)  
  53  8:46  Probe (Chrono Boost)  
  38  8:56  Probe (Chrono Boost)  
  39  9:05  Dark Templar  
  39  9:06  Dark Templar x2  
  39  9:07  Probe (Chrono Boost)  
  43  9:51  Dark Templar  
  33  10:07  Pylon  
Show
View Real Time Build Order
Export as new Build Order

dallaskuken Protoss 

Build Orders:  

Get SALT Encoding   

  12  0:01  Probe (Chrono Boost)  
  13  0:11  Probe (Chrono Boost)  
  14  0:17  Pylon  
  14  0:22  Probe (Chrono Boost)  
  15  0:35  Probe (Chrono Boost)  
  16  0:38  Gateway  
  16  0:46  Probe (Chrono Boost)  
  17  0:53  Assimilator  
  17  0:56  Probe (Chrono Boost)  
  18  1:06  Gateway  
  18  1:07  Probe (Chrono Boost)  
  19  1:15  Assimilator  
  19  1:25  Cybernetics Core  
  19  1:30  Pylon  
  19  1:32  Probe (Chrono Boost)  
  20  1:42  Probe (Chrono Boost)  
  21  1:53  Probe (Chrono Boost)  
  22  2:02  Warp Gate  
  22  2:03  Probe (Chrono Boost)  
  22  2:04  Stalker  
  25  2:11  Stalker  
  25  2:14  Probe (Chrono Boost)  
  28  2:21  Pylon  
  28  2:25  Mothership Core (Chrono Boost)  
  30  2:53  Stalker x2  
  34  3:12  Robotics Facility  
  34  3:14  Pylon  
  34  3:16  Pylon  
  34  3:28  Stalker  
  34  3:29  Stalker  
  38  3:52  Pylon  
  38  3:57  Immortal  
  42  4:10  Stalker x2  
  42  4:16  Gateway  
  46  4:22  Gateway  
  46  4:52  Stalker x2  
  50  5:08  Pylon  
  50  5:09  Pylon  
  50  5:16  Sentry  
  50  5:18  Zealot x2  
  56  5:32  Immortal  
  60  5:56  Nexus  
  60  6:06  Immortal  
  64  6:15  Pylon  
  64  6:16  Pylon  
  64  6:45  Twilight Council, Immortal  
  68  6:54  Stalker x2  
  73  7:02  Probe (Chrono Boost)  
  73  7:14  Probe (Chrono Boost)  
  74  7:15  Assimilator  
  74  7:19  Probe (Chrono Boost)  
  74  7:20  Assimilator  
  75  7:26  Probe (Chrono Boost)  
  76  7:30  Probe (Chrono Boost)  
  71  8:12  Stalker x3  
  75  8:13  Stalker  
  79  8:23  Probe (Chrono Boost)  
  80  8:33  Probe (Chrono Boost)  
  78  8:41  Probe (Chrono Boost)  
  78  8:44  Probe (Chrono Boost)  
  57  8:53  Probe (Chrono Boost)  
  57  8:54  Probe (Chrono Boost)  
  39  9:00  Stalker  
  39  9:01  Stalker x2  
  45  9:05  Probe x2 (Chrono Boost)  
  47  9:12  Immortal  
  52  9:17  Probe (Chrono Boost)  
  52  9:29  Probe (Chrono Boost)  
  53  9:41  Templar Archives  
  53  9:44  Probe (Chrono Boost)  
  46  10:01  Sentry x2  
Tags
 
Add a new tag
Caveats
  • Supply blocks, unpowered buildings, or Contaminate may cause inaccurate times.
  • Supply counts are checked every 10 seconds.